[Event "Titled Tuesday Blitz May 2 Early 2023"]
[White "Gutkin, Ilya"]
[Black "Dinu, Dumitru-Daniel"]
[WhiteFideId "16203470"]
[BlackFideId "1208403"]
[WhiteElo "2265"]
[BlackElo "2240"]
[Result "1-0"]
[Round "09"]
[TimeControl "180+2"]
[Date "2023.05.02"]
[WhiteClock "0:00:36"]
[BlackClock "0:00:02"]

1. Nf3 Nf6 2. g3 e6 3. Bg2 d5 4. d4 b5 5. O-O Be7 6. a4 b4 7. c4 bxc3 8. Nxc3 O-O 9. Bf4 a5 10. Qd2 c6 11. Ne5 Ba6 12. Rfc1 Ra7 13. Na2 Qe8 14. b4 axb4 15. Nxb4 Bxb4 16. Qxb4 Bxe2 17. Qb6 Ra6 18. Qb2 Bh5 19. Bf1 Ra7 20. Qb6 Qe7 21. Nxc6 Nxc6 22. Rxc6 Rfa8 23. a5 Nd7 24. Qb5 Qd8 25. a6 Bg6 26. Rac1 h5 27. Rc7 Rxc7 28. Rxc7 Nf8 29. a7 f6 30. Rb7 Be8 31. Qb6 Qxb6 32. Rxb6 Rxa7 33. Rb8 Bg6 34. Bd6 Rf7 35. Bb5 Be4 36. Be8 Ra7 37. Kf1 Ra1+ 38. Ke2 Ra2+ 39. Ke3 Ra3+ 40. Bxa3 1-0


[Site "https://www.chess.com"]

[Event "Titled Tuesday Blitz May 2 Early 2023"]
[White "Djordjevic, Vuk"]
[Black "Bouget, Alexandre"]
[WhiteFideId "902098"]
[BlackFideId "681318"]
[WhiteElo "2452"]
[BlackElo "2182"]
[Result "1-0"]
[Round "09"]
[TimeControl "180+2"]
[Date "2023.05.02"]
[WhiteClock "0:01:33"]
[BlackClock "0:00:32"]

1. d4 d5 2. c4 Nc6 3. Nc3 Nf6 4. e3 e6 5. Nf3 Bb4 6. Bd2 O-O 7. Bd3 Qe7 8. O-O dxc4 9. Bxc4 e5 10. a3 Bd6 11. d5 Na5 12. Be2 e4 13. Nd4 Qe5 14. f4 exf3 15. Nxf3 Qh5 16. b4 Bg4 17. h3 Bxh3 18. Rf2 Ng4 19. gxh3 Nxf2 20. Kxf2 Qxh3 21. Ne4 Rad8 22. bxa5 f5 23. Nxd6 Rxd6 24. Bb4 f4 25. Bxd6 Qg3+ 26. Kf1 fxe3 27. Bxg3 1-0


[Site "https://www.chess.com"]

[Event "Titled Tuesday Blitz May 2 Early 2023"]
[White "Preotu, Razvan"]
[Black "Castellanos Gomez, Alejandro"]
[WhiteFideId "2613280"]
[BlackFideId "22284141"]
[WhiteElo "2407"]
[BlackElo "2158"]
[Result "1-0"]
[Round "09"]
[TimeControl "180+2"]
[Date "2023.05.02"]
[WhiteClock "0:00:07"]
[BlackClock "0:00:01"]

1. e4 e6 2. d4 d5 3. Nc3 Nf6 4. e5 Nfd7 5. f4 h6 6. Nf3 Be7 7. Be3 a6 8. Qd2 b5 9. f5 Nb6 10. fxe6 Bxe6 11. b3 N8d7 12. Be2 c5 13. O-O Qc7 14. Nd1 g5 15. c3 f5 16. exf6 Bxf6 17. dxc5 Nxc5 18. Nf2 O-O 19. Nd4 Bd7 20. Bf3 Rae8 21. Rae1 Ne4 22. Nxe4 dxe4 23. Bh5 Re5 24. Bf2 Rd5 25. Rxe4 Bf5 26. Ree1 Qh7 27. Bf3 Rdd8 28. Qc1 Bd3 29. Ne6 Bxf1 30. Nxf8 Rxf8 31. Rxf1 Qc7 32. c4 bxc4 33. bxc4 Nd7 34. Bd5+ Kg7 35. Qc2 Ne5 36. Bg3 Qb6+ 37. Kh1 Ng4 38. h3 Ne3 39. Qf2 Be7 40. Be5+ Bf6 41. Bd6 Qxd6 42. Qxe3 Be5 43. Qa7+ Kg6 44. Bf7+ 1-0


[Site "https://www.chess.com"]

[Event "Titled Tuesday Blitz May 2 Early 2023"]
[White "Eidelman, Gabriel"]
[Black "Liu, Xiangyi"]
[WhiteFideId "30910544"]
[BlackFideId "8605718"]
[WhiteElo "2209"]
[BlackElo "2323"]
[Result "0-1"]
[Round "09"]
[TimeControl "180+2"]
[Date "2023.05.02"]
[WhiteClock "0:00:02"]
[BlackClock "0:00:04"]

1. Nf3 Nf6 2. c4 g6 3. g3 Bg7 4. Bg2 O-O 5. O-O d5 6. cxd5 Nxd5 7. d4 Nc6 8. e3 Nb6 9. Nc3 Re8 10. a4 a5 11. Qe2 Be6 12. Nd2 Rb8 13. b3 Nb4 14. Ba3 c6 15. Rac1 Bf5 16. Bxb4 axb4 17. Na2 e5 18. e4 exd4 19. Nxb4 Nd5 20. Qc4 Nxb4 21. exf5 Qa5 22. fxg6 hxg6 23. Nf3 Rbd8 24. Rfd1 Na2 25. Rc2 Nc3 26. Rd3 b5 27. Qc5 Ne2+ 28. Kf1 Nc3 29. h4 Qa6 30. Kg1 bxa4 31. Bf1 Qb5 32. Rdxc3 Qxc5 33. Rxc5 d3 34. Rd2 axb3 35. Rxd3 b2 36. Nd2 Rxd3 37. Bxd3 Re1+ 38. Kg2 Rd1 39. Rc2 c5 40. Kf3 c4 41. Bxc4 Rxd2 42. Rxd2 b1=Q 43. Rd8+ Bf8 44. Be2 Qf5+ 45. Kg2 Qf6 46. Bf3 Qxd8 0-1


[Site "https://www.chess.com"]

[Event "Titled Tuesday Blitz May 2 Early 2023"]
[White "Davtyan, David Arm."]
[Black "Kvaloy, Aksel Bu"]
[WhiteFideId "13310046"]
[BlackFideId "1528815"]
[WhiteElo "2274"]
[BlackElo "2208"]
[Result "1-0"]
[Round "09"]
[TimeControl "180+2"]
[Date "2023.05.02"]
[WhiteClock "0:00:57"]
[BlackClock "0:00:04"]

1. e3 e5 2. c4 Nf6 3. Nc3 Bb4 4. Nge2 O-O 5. g3 d5 6. cxd5 Nxd5 7. Bg2 Be6 8. O-O Bxc3 9. dxc3 Nc6 10. Qc2 f6 11. Rd1 f5 12. a3 b5 13. b3 e4 14. c4 bxc4 15. bxc4 Ndb4 16. axb4 Nxb4 17. Qa4 Nd3 18. Ba3 Rf6 19. Nf4 Bd7 20. Qb3 Rb8 21. Qc3 Ba4 22. Rd2 Rb3 23. Qa5 Qe8 24. Nxd3 Rxd3 25. Rxd3 exd3 26. Bb2 Rb6 27. Bd4 Rb8 28. Bd5+ Kh8 29. Qxa4 Qxa4 30. Rxa4 Rb1+ 31. Kg2 d2 32. Rxa7 Rg1+ 33. Kh3 h5 34. Bf3 Kg8 35. Ra1 Rxa1 36. Bxa1 g5 37. Kg2 g4 38. Bd1 Kf7 39. Bc3 Ke6 40. Bxd2 h4 41. gxh4 Kf6 42. f3 gxf3+ 43. Bxf3 c5 44. e4 Kg6 45. e5 f4 46. Bxf4 Kf5 47. Kg3 Ke6 48. Bd5+ Kf5 49. e6 Kf6 50. h5 Kf5 51. h4 Kf6 52. Kg4 Kg7 53. Kg5 Kh7 54. Kf6 Kg8 55. e7+ Kh7 56. Be4+ 1-0


[Site "https://www.chess.com"]

[Event "Titled Tuesday Blitz May 2 Early 2023"]
[White "Bruedigam, Martin"]
[Black "Ljukin, Sergei"]
[WhiteFideId "24608033"]
[BlackFideId "14102200"]
[WhiteElo "2331"]
[BlackElo "2312"]
[Result "0-1"]
[Round "09"]
[TimeControl "180+2"]
[Date "2023.05.02"]
[WhiteClock "0:00:09"]
[BlackClock "0:00:06"]

1. d4 d5 2. c4 c6 3. Nc3 Nf6 4. cxd5 cxd5 5. Bf4 Nc6 6. e3 Bf5 7. Qb3 Na5 8. Qa4+ Bd7 9. Qc2 e6 10. Nf3 Ne4 11. Bd3 f5 12. O-O Rc8 13. Rfc1 Bb4 14. Bxe4 fxe4 15. Ne5 Bxc3 16. bxc3 Nc4 17. Nxc4 Rxc4 18. f3 exf3 19. gxf3 O-O 20. Qg2 Rf5 21. Rab1 b6 22. Kh1 Be8 23. Be5 Rg5 24. Qh3 Qd7 25. Rb2 Bh5 26. Bf4 Rf5 27. Rg2 Qf7 28. Rg3 Kh8 29. Qh4 h6 30. Qd8+ Kh7 31. h4 Rxf4 32. exf4 Qxf4 33. Rcg1 Bxf3+ 34. Kh2 Rxc3 35. Kh3 Bg4+ 36. Kh2 h5 37. Qg5 Rc2+ 38. Rg2 Rxg2+ 39. Kxg2 Qxd4 40. Re3 Qd2+ 41. Kg3 Qd1 42. Kg2 d4 43. Re5 Qc2+ 44. Kg3 Qd3+ 45. Kg2 Qf3+ 46. Kh2 Qg3+ 47. Kh1 Bf3# 0-1


[Site "https://www.chess.com"]

[Event "Titled Tuesday Blitz May 2 Early 2023"]
[White "Berezin, Viktor"]
[Black "Osinovsky, Stepan"]
[WhiteFideId "14107872"]
[BlackFideId "4157354"]
[WhiteElo "2310"]
[BlackElo "2222"]
[Result "1-0"]
[Round "09"]
[TimeControl "180+2"]
[Date "2023.05.02"]
[WhiteClock "0:00:13"]
[BlackClock "0:00:04"]

1. d4 Nf6 2. Nf3 g6 3. g3 Bg7 4. Bg2 O-O 5. O-O d6 6. a4 Nbd7 7. a5 a6 8. Nc3 e5 9. h3 Re8 10. e4 exd4 11. Nxd4 Nc5 12. Re1 Bd7 13. Kh2 Ne6 14. Nb3 Bc6 15. Nd5 h6 16. c3 Ng5 17. Bxg5 hxg5 18. Qd2 Bxd5 19. exd5 Nd7 20. Rxe8+ Qxe8 21. Re1 Qd8 22. c4 Be5 23. Qc1 Qf6 24. Re2 Nc5 25. Nxc5 dxc5 26. b3 Kg7 27. Kh1 Rh8 28. Qe3 Bd6 29. Kg1 Qa1+ 30. Re1 Qxa5 31. Rd1 Qb4 32. Rd3 Qa3 33. Qxg5 Qa1+ 34. Kh2 Qe1 35. Rf3 Qe5 36. Qd2 Qa1 37. Re3 Qf6 38. f4 Rg8 39. Rf3 Rh8 40. Qf2 Re8 41. Re3 Rxe3 42. Qxe3 Qb2 43. h4 Qf6 44. Bf3 b6 45. Kg2 a5 46. h5 Qb2+ 47. Kh3 gxh5 48. Bxh5 Qa1 49. Bf3 Qf6 50. Qe4 Qh6+ 51. Kg2 Qf6 52. Bh5 Qb2+ 53. Kh3 Qxb3 54. Qf5 Qb2 55. Qxf7+ Kh8 56. Qe8+ Kg7 57. Qf7+ Kh8 58. f5 Qg7 59. Qe8+ Qg8 60. Qe3 Qh7 61. g4 Qg7 62. Bg6 Qa1 63. Qh6+ Kg8 64. Qh7+ Kf8 65. Qf7# 1-0


[Site "https://www.chess.com"]

[Event "Titled Tuesday Blitz May 2 Early 2023"]
[White "Seletsky, Grigory"]
[Black "Danielyan, Vahe"]
[WhiteFideId "14112191"]
[BlackFideId "13304828"]
[WhiteElo "2490"]
[BlackElo "2423"]
[Result "1-0"]
[Round "09"]
[TimeControl "180+2"]
[Date "2023.05.02"]
[WhiteClock "0:00:18"]
[BlackClock "0:00:04"]

1. d4 d5 2. c4 e6 3. Nc3 c5 4. cxd5 exd5 5. Nf3 Nc6 6. g3 Nf6 7. Bg2 Be7 8. O-O O-O 9. b3 Ne4 10. Bb2 Bf6 11. Nxe4 dxe4 12. Ne5 Nxd4 13. e3 Bxe5 14. exd4 Bxd4 15. Bxd4 Qxd4 16. Qxd4 cxd4 17. Bxe4 Re8 18. Bf3 Rb8 19. Rfd1 Rd8 20. Rd2 Bf5 21. Rad1 d3 22. Be2 Rd4 23. Bf1 Rbd8 24. f3 R4d7 25. Kf2 Kf8 26. Ke3 Rc7 27. Bxd3 Rc3 28. Ke2 Re8+ 29. Kf2 Bxd3 30. Rxd3 Rc2+ 31. R1d2 Rc1 32. Rd7 Rb8 33. Rd8+ Rxd8 34. Rxd8+ Ke7 35. Rb8 Rc7 36. Ke3 b6 37. Ra8 Kd6 38. Kd3 Kc5 39. Kc3 Kd5+ 40. Kd3 Kc5 41. Kc3 h6 42. h4 f6 43. h5 Kd5+ 44. Kd3 Kc5 45. Kc3 Kd5+ 46. Kd3 Ke5 47. Ke3 Kf5 48. Rd8 Rc2 49. Rd7 Rxa2 50. Rxg7 Ra3 51. g4+ Ke6 52. Rg6 Rxb3+ 53. Ke4 a5 54. Rxh6 Rb4+ 55. Ke3 Rb3+ 56. Ke4 Rb4+ 57. Ke3 a4 58. g5 Kf5 59. g6 Rb1 60. g7 Re1+ 61. Kf2 Re8 62. Rh8 a3 63. Rxe8 a2 64. Ra8 a1=Q 65. Rxa1 b5 66. g8=Q Kf4 67. Qg4+ Ke5 68. Qe4+ 1-0


[Site "https://www.chess.com"]

[Event "Titled Tuesday Blitz May 2 Early 2023"]
[White "Bashkansky, Ethan"]
[Black "Budrewicz, Krzysztof"]
[WhiteFideId "2071533"]
[BlackFideId "1127950"]
[WhiteElo "2101"]
[BlackElo "2230"]
[Result "0-1"]
[Round "09"]
[TimeControl "180+2"]
[Date "2023.05.02"]
[WhiteClock "0:00:01"]
[BlackClock "0:02:08"]

1. d4 Nf6 2. c4 g6 3. Nc3 Bg7 4. e4 O-O 5. f3 d6 6. Be3 Nc6 7. Nge2 a6 8. Nc1 e5 9. d5 Nd4 10. Nb3 Nxb3 11. axb3 Nh5 12. b4 f5 13. exf5 gxf5 14. Bd3 Bd7 15. Qc2 e4 16. fxe4 f4 17. Bf2 Be5 18. Be2 Nf6 19. O-O-O Kh8 20. g3 Qe7 21. Kb1 Ng4 22. Bxg4 Bxg4 23. Rde1 f3 24. c5 Rae8 25. Ka2 Bh3 26. Qd3 Qf6 27. Rhg1 h5 28. Qd2 Kh7 29. Nd1 Qh6 30. Qxh6+ Kxh6 31. Ne3 Rg8 32. Nc4 Kg6 33. Nxe5+ Rxe5 34. Bd4 Re7 35. cxd6 cxd6 36. e5 dxe5 37. Rxe5 Rxe5 38. Bxe5 f2 39. Rd1 f1=Q 40. Rxf1 Bxf1 41. Kb3 Rd8 42. d6 Kf5 43. Bf4 Ke6 44. b5 Bxb5 45. h3 Rf8 46. Kb4 Rxf4+ 47. gxf4 Kxd6 48. Ka5 Ke6 49. Kb6 Bc6 50. Kc5 Kf5 51. Kd4 Kxf4 52. h4 Kg4 0-1


[Site "https://www.chess.com"]

[Event "Titled Tuesday Blitz May 2 Early 2023"]
[White "Gurevich, Dmitry"]
[Black "Demin, Vladimir"]
[WhiteFideId "2000407"]
[BlackFideId "4167457"]
[WhiteElo "2506"]
[BlackElo "2430"]
[Result "1-0"]
[Round "09"]
[TimeControl "180+2"]
[Date "2023.05.02"]
[WhiteClock "0:00:03"]
[BlackClock "0:00:02"]

1. d4 d5 2. c4 e6 3. Nc3 Nf6 4. Nf3 c5 5. cxd5 cxd4 6. Qxd4 exd5 7. Bg5 Be7 8. e3 O-O 9. Be2 Nc6 10. Qa4 Be6 11. O-O Qb6 12. Qb5 Rfd8 13. Qxb6 axb6 14. Rfd1 h6 15. Bf4 Rac8 16. h3 Ne4 17. Na4 Nb4 18. a3 Na6 19. Nd4 Bc5 20. b4 Bxd4 21. Rxd4 Nc3 22. Nxc3 Rxc3 23. Rd3 Rc2 24. Bd1 Rcc8 25. Bf3 Nc7 26. Rad1 Nb5 27. a4 Nc3 28. Ra1 Bf5 29. Rd4 Be4 30. Kf1 Ra8 31. Bxe4 dxe4 32. Rxd8+ Rxd8 33. Bc7 Rd2 34. Bxb6 Nd5 35. Bc5 b6 36. Bd4 Nxb4 37. Bxb6 f5 38. a5 Na6 39. Rc1 Ra2 40. h4 Nb4 41. h5 Kf7 42. Rc4 Nd3 43. Rc7+ Ke6 44. Rxg7 Rxf2+ 45. Kg1 Ra2 46. Rg6+ Kf7 47. Rxh6 Nf2 48. Rg6 Ng4 49. Rxg4 fxg4 50. Kh2 Kf6 51. Bd8+ Kg7 52. Kg3 Kh6 53. Kxg4 Rxg2+ 54. Kf4 Kxh5 55. Kxe4 Kg6 56. Bb6 Ra2 57. Kd5 Kf5 58. Kc6 Ke4 59. Kb7 Kd5 60. a6 Rg2 61. a7 Rg7+ 62. Ka6 Rg8 63. Bc7 Kc6 64. Bb8 1-0


[Site "https://www.chess.com"]

[Event "Titled Tuesday Blitz May 2 Early 2023"]
[White "Vitenberg, Noam Aviv"]
[Black "Andrews, Todd"]
[WhiteFideId "1532138"]
[BlackFideId "2012456"]
[WhiteElo "2236"]
[BlackElo "2217"]
[Result "1-0"]
[Round "09"]
[TimeControl "180+2"]
[Date "2023.05.02"]
[WhiteClock "0:00:51"]
[BlackClock "0:00:04"]

1. Na3 e5 2. Nc4 Nc6 3. e4 Nf6 4. d3 Bc5 5. Be3 Bxe3 6. Nxe3 d5 7. exd5 Nxd5 8. Nf3 O-O 9. Be2 f5 10. O-O Be6 11. Re1 Nxe3 12. fxe3 Qe7 13. c3 Rad8 14. Qa4 Kh8 15. Rad1 Rf6 16. Ng5 Bg8 17. e4 Rg6 18. Nf3 f4 19. d4 exd4 20. cxd4 Rf8 21. Bd3 Rh6 22. Rc1 a6 23. a3 Qf7 24. d5 Nd8 25. Qd4 Qh5 26. e5 Nf7 27. Qxf4 Rd8 28. Rxc7 Rxd5 29. Bc4 Rxe5 30. Nxe5 1-0


[Site "https://www.chess.com"]

[Event "Titled Tuesday Blitz May 2 Early 2023"]
[White "Belenkaya, Dina"]
[Black "Karamsetty, Jeevan"]
[WhiteFideId "24142654"]
[BlackFideId "2025337"]
[WhiteElo "2208"]
[BlackElo "2111"]
[Result "0-1"]
[Round "09"]
[TimeControl "180+2"]
[Date "2023.05.02"]
[WhiteClock "0:01:31"]
[BlackClock "0:01:15"]

1. Nf3 g6 2. g3 Bg7 3. Bg2 d6 4. d3 Nf6 5. Nbd2 O-O 6. e4 e5 7. O-O Nh5 8. c3 f5 9. Qe2 f4 10. d4 Nc6 11. Rd1 Bg4 12. dxe5 Nxe5 13. Qf1 Qc8 14. Nxe5 dxe5 15. Qc4+ Kh8 16. Nf1 Bxd1 17. gxf4 Bg4 0-1


[Site "https://www.chess.com"]

[Event "Titled Tuesday Blitz May 2 Early 2023"]
[White "Pham, Le Thao Nguyen"]
[Black "Dwilewicz, Katarzyna"]
[WhiteFideId "12401226"]
[BlackFideId "1148486"]
[WhiteElo "2286"]
[BlackElo "2065"]
[Result "0-1"]
[Round "09"]
[TimeControl "180+2"]
[Date "2023.05.02"]
[WhiteClock "0:00:06"]
[BlackClock "0:00:52"]

1. d4 d6 2. Nf3 g6 3. g3 Bg7 4. Bg2 Nd7 5. O-O e5 6. c4 Ne7 7. Nc3 O-O 8. e3 f5 9. b4 e4 10. Nd2 c6 11. Qb3 Nf6 12. a4 Be6 13. Ba3 g5 14. Rfd1 h5 15. d5 cxd5 16. cxd5 Nexd5 17. Rac1 Nf4 18. Qb1 Nd3 19. Rc2 Rc8 20. Ne2 Ng4 21. Rf1 Qd7 22. b5 Be5 23. Rxc8 Rxc8 24. Nxe4 fxe4 25. Bxe4 Ndxf2 26. Rxf2 Nxf2 27. Kxf2 Rf8+ 28. Kg1 Bf5 29. Qb3+ Kg7 30. Bd5 Bh3 31. Bg2 Bxg2 32. Kxg2 Qg4 0-1


[Site "https://www.chess.com"]

[Event "Titled Tuesday Blitz May 2 Early 2023"]
[White "Pandey Srishti"]
[Black "Ronka, Erik"]
[WhiteFideId "35093290"]
[BlackFideId "505080"]
[WhiteElo "2083"]
[BlackElo "2264"]
[Result "1-0"]
[Round "09"]
[TimeControl "180+2"]
[Date "2023.05.02"]
[WhiteClock "0:01:14"]
[BlackClock "0:00:01"]

1. e4 a6 2. d4 c5 3. d5 e5 4. a4 d6 5. Nc3 Be7 6. Nf3 Bg4 7. Be2 Bxf3 8. Bxf3 Bg5 9. O-O Bxc1 10. Qxc1 Ne7 11. g3 O-O 12. Bg2 Nd7 13. f4 f5 14. Qd2 exf4 15. Rxf4 Ne5 16. Raf1 N5g6 17. R4f2 fxe4 18. Rxf8+ Nxf8 19. Nxe4 Neg6 20. Ng5 Qb6 21. Qf2 Qc7 22. Bh3 h6 23. Ne6 Qe7 24. Bf5 Ne5 25. Nxf8 Rxf8 26. Be6+ Nf7 27. Qf5 Qf6 28. Qh5 Qd4+ 29. Rf2 Kh7 30. Bxf7 Qd1+ 31. Qxd1 1-0


[Site "https://www.chess.com"]

[Event "Titled Tuesday Blitz May 2 Early 2023"]
[White "Ng, Gary"]
[Black "Pujari, Rucha"]
[WhiteFideId "2604914"]
[BlackFideId "5024528"]
[WhiteElo "2213"]
[BlackElo "2129"]
[Result "0-1"]
[Round "09"]
[TimeControl "180+2"]
[Date "2023.05.02"]
[WhiteClock "0:00:02"]
[BlackClock "0:00:14"]

1. d4 d5 2. Bf4 Nf6 3. e3 e6 4. Nd2 Bd6 5. Bg3 O-O 6. Bd3 c5 7. c3 Qc7 8. Ngf3 Nbd7 9. dxc5 Nxc5 10. Bc2 b6 11. O-O Ba6 12. Re1 Nd3 13. Bxd3 Bxd3 14. Nb3 Bxg3 15. Qxd3 Bd6 16. Nbd4 a6 17. h3 Ne4 18. Nd2 Bh2+ 19. Kf1 Nc5 20. Qe2 e5 21. Nf5 e4 22. Qg4 g6 23. g3 h5 24. Qg5 Rae8 25. Kg2 Re5 26. Nh6+ Kg7 27. Qf4 Nd3 28. Nf5+ Kg8 29. Nh6+ Kh7 30. Qf6 Kxh6 31. Kxh2 Rf5 32. Qd4 Rxf2+ 33. Kg1 Qxg3+ 0-1


[Site "https://www.chess.com"]

[Event "Titled Tuesday Blitz May 2 Early 2023"]
[White "De Souza, Cristiano Gomes"]
[Black "Shvedova, Alexandra"]
[WhiteFideId "2151758"]
[BlackFideId "54154782"]
[WhiteElo "2068"]
[BlackElo "2057"]
[Result "0-1"]
[Round "09"]
[TimeControl "180+2"]
[Date "2023.05.02"]
[WhiteClock "0:00:01"]
[BlackClock "0:00:06"]

1. d4 Nf6 2. c4 e6 3. Nf3 d5 4. Nc3 dxc4 5. Bg5 a6 6. a4 Nc6 7. e4 Na5 8. e5 h6 9. Bh4 g5 10. exf6 gxh4 11. Ne5 Qxf6 12. Nxc4 Nxc4 13. Bxc4 Rg8 14. O-O Bd7 15. d5 O-O-O 16. Qe2 Bb4 17. Ne4 Qg6 18. g3 exd5 19. Bxd5 Bh3 20. Rfc1 Rxd5 21. Qc4 Rd7 22. Qxb4 Qg4 23. Rc3 Kb8 24. f3 Qf5 25. Rac1 hxg3 26. hxg3 Rgd8 27. Kf2 Qd5 28. R1c2 f5 29. Nc5 Qd4+ 30. Qxd4 Rxd4 31. Re2 Rd1 32. Ne6 Re8 33. g4 fxg4 34. Kg3 gxf3 35. Ree3 Bxe6 36. Kxf3 Rf1+ 37. Ke2 Rff8 0-1


[Site "https://www.chess.com"]

[Event "Titled Tuesday Blitz May 2 Early 2023"]
[White "Shuvalov, Evgenij"]
[Black "Singh, Arvinder Preet"]
[WhiteFideId "4187237"]
[BlackFideId "5013240"]
[WhiteElo "2080"]
[BlackElo "2124"]
[Result "0-1"]
[Round "09"]
[TimeControl "180+2"]
[Date "2023.05.02"]
[WhiteClock "0:00:20"]
[BlackClock "0:01:02"]

1. Nf3 g6 2. c4 Bg7 3. d4 f5 4. Nc3 Nf6 5. g3 O-O 6. Bg2 c6 7. O-O d6 8. b3 Na6 9. Bb2 Qc7 10. Qc2 e5 11. dxe5 dxe5 12. e4 Nb4 13. Qe2 fxe4 14. Ng5 Bg4 15. f3 exf3 16. Bxf3 Bxf3 17. Qxf3 e4 18. Ngxe4 Nxe4 19. Qxe4 Rfe8 20. Qg2 Nd3 21. Rad1 Nxb2 22. Qxb2 Re3 23. Rc1 Qe5 24. Qf2 Rf8 25. Qd2 Rxc3 26. Rxf8+ Kxf8 27. Rf1+ Bf6 28. Qh6+ Kg8 29. Qh3 Qe3+ 30. Kh1 Qe4+ 31. Qg2 Qxg2+ 32. Kxg2 Rc2+ 33. Rf2 Rxf2+ 34. Kxf2 Bd4+ 35. Kf3 Kf7 36. Ke4 c5 37. h3 Ke6 38. g4 g5 39. Kf3 Ke5 40. Ke2 Ke4 0-1


[Site "https://www.chess.com"]

[Event "Titled Tuesday Blitz May 2 Early 2023"]
[White "Delorme, Alban"]
[Black "Srebrnic, Marko"]
[WhiteFideId "623636"]
[BlackFideId "14603616"]
[WhiteElo "2196"]
[BlackElo "2341"]
[Result "0-1"]
[Round "09"]
[TimeControl "180+2"]
[Date "2023.05.02"]
[WhiteClock "0:00:01"]
[BlackClock "0:00:24"]

1. e4 c5 2. Nf3 Nc6 3. d4 cxd4 4. Nxd4 e5 5. Nb5 d6 6. c4 Be7 7. Bd3 Be6 8. O-O Rc8 9. Be3 a6 10. N5c3 Bg5 11. Qe2 Bxe3 12. Qxe3 Nge7 13. Nd2 O-O 14. Nd5 Nd4 15. Rac1 f5 16. Nf3 Nxf3+ 17. Qxf3 Bxd5 18. cxd5 f4 19. Qg4 Rf6 20. Bc4 b5 21. Bb3 a5 22. a4 b4 23. Bc4 Rg6 24. Qh3 Rc5 25. Bb5 Qc7 26. Rxc5 dxc5 27. b3 Nc8 28. Bd7 Nd6 29. Be6+ Kh8 30. Rc1 c4 31. bxc4 Qc5 32. Qh4 Rf6 33. Qg5 f3 34. g3 Nxe4 35. Qe3 Qxe3 36. fxe3 f2+ 37. Kg2 b3 38. c5 Nxc5 39. d6 f1=Q+ 40. Rxf1 Rxf1 41. d7 Nxe6 42. Kxf1 b2 43. d8=Q+ Nxd8 44. Kg2 b1=Q 45. Kf3 Qc2 46. e4 Ne6 47. Kg4 Qf2 48. Kh3 h5 49. Kh4 Qxh2# 0-1


[Site "https://www.chess.com"]

[Event "Titled Tuesday Blitz May 2 Early 2023"]
[White "Stanojevic, Ilija"]
[Black "Dehtiarov, Roman"]
[WhiteFideId "959995"]
[BlackFideId "14186640"]
[WhiteElo "2138"]
[BlackElo "2189"]
[Result "0-1"]
[Round "09"]
[TimeControl "180+2"]
[Date "2023.05.02"]
[WhiteClock "0:00:02"]
[BlackClock "0:00:11"]

1. d4 Nf6 2. c4 e6 3. g3 Bb4+ 4. Nd2 O-O 5. Bg2 d5 6. Nf3 dxc4 7. Qc2 c5 8. dxc5 Bxc5 9. O-O Nc6 10. Qxc4 Qe7 11. a3 e5 12. b4 Bb6 13. Bb2 h6 14. Rac1 e4 15. Bxf6 Qxf6 16. Nxe4 Qe7 17. e3 Be6 18. Qc3 Rac8 19. Qb2 Rfd8 20. Nc5 Bd5 21. Rfd1 Bxf3 22. Bxf3 Bxc5 23. bxc5 Ne5 24. Rxd8+ Rxd8 25. Be2 Qf6 26. Kg2 Qc6+ 27. Kg1 Nf3+ 28. Bxf3 Qxf3 29. Qc3 h5 30. h4 Rd5 31. c6 bxc6 32. Qc2 c5 33. Rb1 g6 34. Rb8+ Kh7 35. Rb1 a6 36. Rf1 Qf6 37. Qc4 Qd6 38. Rc1 Kg8 39. Kg2 Qc6 40. Qc3 Rd3+ 41. f3 Rxc3 42. Rxc3 Qd6 43. e4 Qd2+ 0-1


[Site "https://www.chess.com"]

[Event "Titled Tuesday Blitz May 2 Early 2023"]
[White "Lopez Gracia, Fernando"]
[Black "Mirzoev, Azer"]
[WhiteFideId "2207184"]
[BlackFideId "13400304"]
[WhiteElo "2255"]
[BlackElo "2525"]
[Result "0-1"]
[Round "09"]
[TimeControl "180+2"]
[Date "2023.05.02"]
[WhiteClock "0:01:42"]
[BlackClock "0:00:39"]

1. c4 c5 2. Nf3 Nc6 3. d4 g6 4. e4 Bg7 5. Be3 Qb6 6. Nc3 cxd4 7. Nd5 Qa5+ 8. b4 Qd8 9. Nxd4 e6 10. Nc3 Nxb4 11. Qb3 Nc6 12. Ndb5 Nf6 13. Nd6+ Kf8 14. e5 Nxe5 15. O-O-O Kg8 16. h3 Ne8 17. Ncb5 Nxd6 18. Nxd6 Nc6 19. Bc5 b6 20. Qf3 Qf6 21. Be3 Qxf3 22. gxf3 Ba6 23. c5 Bxf1 24. Rhxf1 bxc5 25. Bxc5 Be5 26. Nc4 Bf4+ 27. Be3 Bxe3+ 28. fxe3 d5 29. Nb2 Kg7 0-1


[Site "https://www.chess.com"]

[Event "Titled Tuesday Blitz May 2 Early 2023"]
[White "Liu, Casper"]
[Black "Aldokhin, Ivan"]
[WhiteFideId "1454153"]
[BlackFideId "24115720"]
[WhiteElo "2221"]
[BlackElo "2322"]
[Result "1-0"]
[Round "09"]
[TimeControl "180+2"]
[Date "2023.05.02"]
[WhiteClock "0:00:20"]
[BlackClock "0:00:02"]

1. e4 c5 2. Nc3 e6 3. Qe2 Nc6 4. d3 Nd4 5. Qd1 Ne7 6. Be3 Nec6 7. Nce2 d5 8. c3 Nxe2 9. Bxe2 d4 10. Bd2 g6 11. f4 Bg7 12. Nf3 Qb6 13. Qc1 c4 14. dxc4 O-O 15. a3 Rd8 16. b4 d3 17. Bd1 e5 18. c5 Qc7 19. O-O f5 20. Bb3+ Kh8 21. Ng5 Rf8 22. Qe1 Qe7 23. Rf3 exf4 24. exf5 Qxg5 25. Bxf4 Qd8 26. fxg6 Bg4 27. Qg3 Bxf3 28. Qh3 h5 29. gxf3 h4 30. Qg4 Bd4+ 31. Kh1 Kg7 32. Qh5 Rh8 33. Qf5 Qf6 34. Qd7+ Qe7 35. Qxe7+ Nxe7 36. cxd4 Nxg6 37. Rg1 Kf6 38. Bg5+ Kf5 39. Bc4 Nf4 40. Rg4 Ne2 41. Bxd3+ Ke6 42. Bxe2 Kd5 43. Bf6 Rhg8 44. Re4 Raf8 45. Be5 Rg5 46. Bd1 Kc6 47. Ba4+ b5 48. Bb3 Rxf3 49. d5+ Kb7 50. c6+ Ka6 51. Re1 Rxb3 52. c7 Rg8 53. d6 h3 54. d7 Rg5 55. c8=Q+ Kb6 56. d8=Q# 1-0


[Site "https://www.chess.com"]

[Event "Titled Tuesday Blitz May 2 Early 2023"]
[White "Golubev, Mikhail"]
[Black "Veiga, Jose Francisco R P Neves"]
[WhiteFideId "14100983"]
[BlackFideId "1930087"]
[WhiteElo "2374"]
[BlackElo "2320"]
[Result "1-0"]
[Round "09"]
[TimeControl "180+2"]
[Date "2023.05.02"]
[WhiteClock "0:00:04"]
[BlackClock "0:00:18"]

1. e4 g6 2. d4 Bg7 3. c4 c5 4. Nf3 d6 5. dxc5 dxc5 6. Qxd8+ Kxd8 7. Nc3 Bxc3+ 8. bxc3 Nf6 9. e5 Ne8 10. Ng5 Be6 11. Nxe6+ fxe6 12. Bh6 Nc6 13. O-O-O+ Kc7 14. f4 Rd8 15. Be2 Kc8 16. Rxd8+ Nxd8 17. Bg5 Rf8 18. Bxe7 Rxf4 19. Bf3 Rxc4 20. Rd1 Nc6 21. Bxc6 bxc6 22. Rd8+ Kc7 23. Rxe8 Kd7 24. Ra8 Kxe7 25. Rxa7+ Ke8 26. Kb2 Re4 27. a4 Rxe5 28. a5 c4 29. Ka3 Rb5 30. Ka4 Kd8 31. Rxh7 Rb2 32. g4 Kc8 33. g5 e5 34. h4 e4 35. a6 Kb8 36. a7+ Ka8 37. h5 gxh5 38. g6 Rg2 39. g7 e3 40. Rh8+ Kxa7 41. g8=Q Rxg8 42. Rxg8 Kb6 43. Re8 Kc5 44. Rxe3 Kd5 45. Rh3 Ke4 46. Kb4 1-0


[Site "https://www.chess.com"]

[Event "Titled Tuesday Blitz May 2 Early 2023"]
[White "Petrova, Irina"]
[Black "Martinez Reyes, Pedro Ramon"]
[WhiteFideId "14124122"]
[BlackFideId "3901807"]
[WhiteElo "2084"]
[BlackElo "2340"]
[Result "0-1"]
[Round "09"]
[TimeControl "180+2"]
[Date "2023.05.02"]
[WhiteClock "0:00:01"]
[BlackClock "0:00:12"]

1. e4 Nc6 2. Nf3 g6 3. d4 Bg7 4. Nc3 d6 5. h3 Nf6 6. Be2 O-O 7. O-O e5 8. Be3 Re8 9. d5 Ne7 10. Qd2 Nh5 11. Rfe1 a6 12. Bf1 Rf8 13. Qd1 Bd7 14. Nd2 f5 15. exf5 Nxf5 16. Nde4 Nxe3 17. Rxe3 h6 18. Be2 Nf4 19. Bg4 Bf5 20. Kh2 Qd7 21. g3 Nxh3 22. Kxh3 h5 23. Bxf5 gxf5 24. Kg2 fxe4 25. Qxh5 Rf5 26. Qh4 Raf8 27. Nxe4 Qf7 28. Rf1 Qxd5 29. Kg1 Qf7 30. c4 Qg6 31. Qh1 Bh6 32. Ree1 Kg7 33. Qg2 Bg5 34. Nxg5 Qxg5 35. Qxb7 R8f7 36. Qg2 Rf3 37. Re4 Qf5 38. Rh4 Kf8 39. Qh2 Ke7 40. Rh8 Kd7 41. Qh3 Qxh3 42. Rxh3 Rd3 43. b3 Rd2 44. g4 Rg7 45. Rg3 Rxa2 46. f4 e4 47. f5 e3 48. f6 Rf7 49. g5 e2 50. Re1 Ke6 51. Rg2 Kf5 52. Rexe2 Rxe2 53. Rxe2 Kxg5 54. Re7 Kxf6 55. Re3 Re7 56. Rf3+ Ke5 57. Kf2 Kd4 58. Rf5 Kc3 0-1


[Site "https://www.chess.com"]